 Dungeon Crawl Stone Soup version 0.19-a0-32-gbfd796a (webtiles) character file.

906788 M4edhros the Hoplite (level 27, -3/234 HPs)
             Began as an Octopode Necromancer on May 2, 2016.
             Was a High Priest of Cheibriados.
             Killed from afar by a hellion (22 damage)
             ... with a damnation
             ... in Pandemonium on May 3, 2016.
             The game lasted 06:12:49 (30712 turns).

M4edhros the Hoplite (Octopode Necromancer)        Turns: 30712, Time: 06:12:49

Health: -3/234     AC: 36    Str: 42 (43) XL:     27
Magic:  41/41      EV: 41    Int: 28 (29) God:    Cheibriados [*****.]
Gold:   5297       SH: 37    Dex: 32 (35) Spells: 13 memorised, 2 levels left

rFire  + + .     SeeInvis .       - Unarmed
rCold  + + +     Gourm    .     j - +6 large shield of Ignorance {rN+ AC+2 EV+2 Int-6 *Curse} (curse)
rNeg   + + +     Faith    .     B - +2 hat {MR+}
rPois  ∞         Spirit   .     r - amulet of regeneration
rElec  +         Dismiss  .     e - +5 ring of strength
rCorr  .         Reflect  .     z - ring of Abla {rElec rN+ MR++ Slay+5}
SustAt .         Harm     .     E - ring "Giwuestre" {*Tele rC+ Str+10 Int-5 Dex-5}
MR     +++++     Rnd*Rage +     a - ring of Arunnox {EV+3 Str+2 Dex+5}
Stlth  ++++++.... Rnd*Tele +    S - ring of Jijij {+Fly rPois rC+ Str+4 Int+2} (curse)
                                c - ring of protection from fire
                                I - +6 ring of intelligence
                                G - ring of wizardry

@: statue-form, regenerating, very slow, almost entirely resistant to hostile
enchantments, very stealthy
A: almost no armour, amphibious, 8 rings, constrict 8, (molten scales 0),
camouflage 1, berserk 1, cold resistance 1, deterioration 1, fire resistance 1,
low mp 1, screaming 1, slow regeneration 1, wild magic 2, (gelatinous body 0)
a: End Transformation, Bend Time, Temporal Distortion, Slouch, Step From Time,
Renounce Religion, Evoke Flight
}: 9/15 runes: barnacled, slimy, silver, iron, obsidian, icy, bone, abyssal,
gossamer


You were in Pandemonium.
You worshipped Cheibriados.
Cheibriados was extremely pleased with you.
You were very full.
You were a stone statue.
You visited 16 branches of the dungeon, and saw 85 of its levels.
You visited Pandemonium 2 times, and saw 2 of its levels.
You visited the Abyss 1 time.
You also visited: Labyrinth.

You collected 7271 gold pieces.
You spent 1511 gold pieces at shops.

Inventory:

Missiles
 Q - 23 steel javelins (quivered)
Armour
 j - the cursed +6 large shield of Ignorance (worn) {rN+ AC+2 EV+2 Int-6 *Curse}
   (You took it off an ironheart preserver on level 5 of the Vaults)

   It affects your AC (+2).
   It affects your evasion (+2).
   It affects your intelligence (-6).
   It protects you from negative energy.
   It may re-curse itself when equipped.
   It has a curse placed upon it.
 B - a +2 hat of magic resistance (worn)
Rods
 f - a +6 lightning rod (11/11)
   (You found it on level 7 of the Iron City of Dis)
 s - a +0 rod of clouds (12/12)
   (You found it on level 12 of the Dungeon)
 C - a +7 lightning rod (12/12)
   (You took it off a vault sentinel on level 5 of the Vaults)
Jewellery
 a - the ring of Arunnox (on tentacle) {EV+3 Str+2 Dex+5}
   (You bought it in a shop on level 2 of the Orcish Mines)

   [ring of evasion]

   It affects your evasion (+3).
   It affects your strength (+2).
   It affects your dexterity (+5).
 c - a ring of protection from fire (on tentacle)
 e - a +5 ring of strength (left tentacle)
 r - an amulet of regeneration (around mantle)
 z - the ring of Abla (right tentacle) {rElec rN+ MR++ Slay+5}
   (You found it on level 3 of the Crypt)

   [ring of positive energy]

   It affects your accuracy and damage with ranged weapons and melee attacks
   (+5).
   It insulates you from electricity.
   It protects you from negative energy.
   It affects your resistance to hostile enchantments.
 E - the ring "Giwuestre" (on tentacle) {*Tele rC+ Str+10 Int-5 Dex-5}
   (You found it on level 7 of the Iron City of Dis)

   [ring of teleportation]

   It may teleport you next to monsters.
   It affects your strength (+10).
   It affects your intelligence (-5).
   It affects your dexterity (-5).
   It protects you from cold.
 G - a ring of wizardry (on tentacle)
 I - a +6 ring of intelligence (on tentacle)
 S - the cursed ring of Jijij (on tentacle) {+Fly rPois rC+ Str+4 Int+2}
   (You bought it in a shop on level 8 of the Dungeon)

   [ring of strength]

   It affects your strength (+4).
   It affects your intelligence (+2).
   It protects you from cold.
   It protects you from poison.
   It lets you fly.
   It has a curse placed upon it.
 W - an uncursed ring of protection from fire
Wands
 i - a wand of heal wounds (1/9)
 k - a wand of disintegration (11/24)
 p - a wand of heal wounds (9/9)
 w - a wand of digging (8/24)
 x - a wand of teleportation (7/9)
Scrolls
 q - 2 scrolls of magic mapping
 t - 3 scrolls of fog
 y - 4 scrolls of fear
 V - 3 scrolls of blinking
Potions
 d - 10 potions of curing
 h - a potion of cancellation
 n - 3 potions of might
 v - 2 potions of agility
 D - 2 potions of invisibility
 K - 2 potions of resistance
 M - 4 potions of magic
Books
 m - a book of the Dragon

   Spells                             Type                      Level
   a - Flame Tongue                   Conjuration/Fire             1
   b - Cause Fear                     Hexes                        4
   c - Bolt of Fire                   Conjuration/Fire             6
   d - Dragon Form                    Transmutation                7
   e - Dragon's Call                  Summoning                    9
Miscellaneous
 g - a box of beasts {used: 5}
 l - 3 phantom mirrors
 o - a legendary deck of war {the Rangers}
 u - the horn of Geryon
 A - an ornate deck of changes {the Shadow, drawn: 6}
 H - a sack of spiders {used: 10}
 L - a fan of gales
 N - a phial of floods
 R - a sack of spiders
 T - a disc of storms
 X - a crystal ball of energy
 Y - a sack of spiders
Comestibles
 b - 19 bread rations
 U - 5 beef jerkies


   Skills:
 - Level 13.5 Fighting
 - Level 20.1 Dodging
 - Level 8.8 Stealth
 - Level 25.4 Shields
 - Level 19.0 Unarmed Combat
 * Level 19.5 Spellcasting
 - Level 5.0 Hexes
 - Level 5.4 Charms
 * Level 4.7 Summonings
 - Level 4.0 Necromancy
 + Level 11.0 Translocations
 - Level 10.5 Transmutations
 * Level 23.7 Air Magic
 - Level 15.3 Earth Magic
 - Level 6.5 Invocations
 - Level 11.3 Evocations


You had 2 spell levels left.
You knew the following spells:

 Your Spells              Type           Power        Failure   Level  Hunger
a - Dazzling Spray        Conj/Hex       ######       2%          3    None
b - Tornado               Air            ########..   12%         9    #######
c - Controlled Blink      Tloc           N/A          78%         8    ######.
d - Apportation           Tloc           #######...   1%          1    None
e - Passage of Golubria   Tloc           N/A          1%          4    None
f - Animate Dead          Necr           N/A          4%          4    None
g - Statue Form           Trmt/Erth      ########.    1%          6    #......
h - Fulminant Prism       Conj/Hex       ######....   7%          4    None
i - Summon Forest         Summ/Tloc      #######...   2%          5    None
j - Summon Lightning Spi  Summ/Air       ########     1%          4    None
k - Deflect Missiles      Chrm/Air       ########..   1%          6    #......
l - Dispersal             Tloc           #######...   3%          6    #......
r - Regeneration          Chrm/Necr      ######....   1%          3    None


Dungeon Overview and Level Annotations

Branches:
Dungeon (15/15)            Temple (1/1) D:4            Lair (8/8) D:11
 Shoals (4/4) Lair:4       Spider (4/4) Lair:3        Slime (6/6) Lair:6
    Orc (2/2) D:10            Elf (3/3) Orc:2        Vaults (5/5) D:13
  Crypt (3/3) Vaults:3       Tomb (0/3) Crypt:3      Depths (5/5) D:15
   Hell (1/1)                 Dis (7/7) Hell            Geh (7/7) Hell
    Coc (7/7) Hell            Tar (7/7) Hell            Zot (0/5) Depths:5

Altars:
Ashenzari
Cheibriados
Dithmenos
Elyvilon
Fedhas
Gozag
Kikubaaqudgha
Makhleb
Okawaru
Pakellas
Qazlal
Ru
Trog
Vehumet
Xom
Yredelemnul
Zin
The Shining One
Jiyva

Shops:
D:7 [   D:8 =   D:9 *   Orc:2 *=}=   Shoals:3 ([[!   Vaults:5 (

Portals:
Hell: Depths:1 Depths:2 Depths:3 Depths:4
Abyss: Depths:1 Depths:3 Depths:4
Pandemonium: Depths:3
Ziggurat: Depths:4
Trove: D:11 (give 3 potions of resistance)

Annotations:
D:12 exclusion: 2 orange crystal statues
D:13 exclusion: 4 oklob plants
Lair:5 exclusion: oklob plant
Slime:4 Dissolution
Depths:5 2 runed doors
Coc:7 Antaeus


Innate Abilities, Weirdness & Mutations

You cannot wear most types of armour.
You are amphibious.
You can wear up to eight rings at the same time.
You can use your tentacles to constrict eight enemies at once.
Your skin changes colour to match your surroundings (Stealth).
((Your rubbery body absorbs attacks (AC +1).))
((You are mostly covered in molten scales (AC +3, EV -1).))
You tend to lose your temper in combat.
Your flesh is cold resistant.
Your body sometimes deteriorates upon taking damage.
Your flesh is heat resistant.
Your magical capacity is low (-10% MP).
You occasionally shout uncontrollably at your foes.
You regenerate slowly when monsters are visible.
Your spells are harder to cast, but more powerful.


Message History

Your skin crawls.
Wield which item (- for none, * to show all)? (? for menu, Esc to quit)
Okay, then.
There is an open door here.
The hellion gestures at you.
The damnation unfurls!
The damnation engulfs you! The hellion gestures at you.
The damnation unfurls!
The damnation engulfs you!
* * * LOW HITPOINT WARNING * * *
You hear a shout!
You hear a hideous shriek! x2; You hear a shout!
Unknown command.
The hellion gestures at you.
The damnation unfurls!
The damnation engulfs you!
* * * LOW HITPOINT WARNING * * *
The hellion gestures at you.
The damnation unfurls!
The damnation engulfs you!
* * * LOW HITPOINT WARNING * * *
The hellion gestures at you.
The damnation unfurls!
The damnation engulfs you!
You die...

####....##.##....#..
#......'...'....'..
###....##.##....#..
#.###...###.....# #
#...#'#..#..[...#
#.....######[####
#.......#.).)§...#
#..........≈≈≈≈...#
####.8.......§≈§≈≈≈§..
#.###......≈≈≈≈§§≈§≈≈.
#...#'#....≈≈§≈≈§≈≈≈§.
#.....##...≈§≈§≈2≈≈≈≈≈
#.......#.≈≈§≈≈2..≈§≈§
#.....###§≈§≈≈22
#...#'# ≈≈≈222.
#.###...'≈≈≈222φ ###
....#≈≈≈2...


You could see 2 hellions.

Vanquished Creatures
  Asmodeus (Geh:7)
  the Royal Jelly (Slime:6)
  Ereshkigal (Tar:7)
  the Serpent of Hell (Tar:7)
  Dispater (Dis:7)
  3 ancient liches
  Sojobo (Depths:4)
  12 shard shrikes
  A pandemonium lord (Pan)
  Boris (Crypt:3)
  Saint Roka (Vaults:5)
  The ghost of Ajdolov the Warrior, a legendary GrGl of the Shining One (Slime:6)
  8 caustic shrikes (Depths:4)
  Geryon (Hell)
  4 golden dragons
  11 bone dragons
  7 doom hounds
  6 iron giants
  14 Brimstone Fiends
  22 Tzitzimimeh
  15 Ice Fiends
  7 Hell Sentinels
  A shard shrike skeleton (Crypt:3)
  6 tentacled monstrosities
  Rupert (Orc:2)
  2 deep elf blademasters (Elf:3)
  7 titans
  7 liches
  2 quicksilver dragons (Vaults:5)
  A deep elf master archer (Elf:3)
  Frances (Spider:1)
  28 acid blobs
  2 eldritch tentacles
  2 krakens
  Polyphemus (Shoals:3)
  3 sphinxes
  A tentacled starspawn (Abyss:1)
  5 Executioners
  9 storm dragons
  23 shadow dragons
  4 ancient champions
  4 tengu reavers
  Maud (D:12)
  A revenant (Crypt:1)
  19 azure jellies
  8 frost giants
  Aizul (Depths:2)
  5 fire giants
  A draconian zealot (Depths:5)
  7 balrugs (Geh:7)
  10 deep elf sorcerers
  5 emperor scorpions
  A ghost moth (Spider:4)
  6 iron dragons
  6 cacodemons
  A warmonger (Pan)
  3 deep elf elementalists (Elf:3)
  7 vault wardens
  A draconian scorcher (Depths:5)
  5 war gargoyles
  An orc warlord (Orc:1)
  13 ironheart preservers
  A curse skull (Crypt:3)
  A juggernaut zombie (Crypt:2)
  A draconian annihilator (Depths:5)
  50 reapers
  20 very ugly things
  A juggernaut skeleton (Crypt:2)
  A blood saint (Pan)
  An elemental wellspring (Coc:7)
  9 deep elf demonologists
  3 green draconians (Depths:5)
  4 vampire knights
  A yellow draconian (Depths:5)
  2 black draconians (Depths:5)
  14 deep elf annihilators
  A chaos champion (Pan)
  28 stone giants
  17 spark wasps
  10 salamander stormcallers
  Azrael (D:14)
  4 purple draconians (Depths:5)
  2 corrupters (Pan)
  A red draconian (Depths:5)
  4 white draconians (Depths:5)
  2 lorocyprocas
  A mottled draconian (Depths:5)
  2 black suns (Pan)
  An eidolon (Crypt:3)
  6 crystal guardians (Elf:3)
  A green death (Pan)
  25 vault guards
  9 blizzard demons
  12 deep elf death magi
  12 fire dragons
  12 jiangshi
  5 ettins
  13 death oozes
  Josephine (D:14)
  10 merfolk impalers
  19 yaktaur captains
  3 quicksilver dragon zombies
  8 deep elf high priests
  14 great orbs of eyes
  4 kraken zombies (Coc:7)
  6 rakshasas
  13 ice dragons
  4 entropy weavers
  2 quicksilver dragon skeletons
  2 monstrous demonspawn (Pan)
  13 ogre magi
  2 ghost crabs
  3 spriggan air magi
  A hell beast (Dis:6)
  3 merfolk avatars (Shoals:4)
  10 centaur warriors
  A catoblepas (Shoals:3)
  2 death knights
  An alligator (shapeshifter) (Depths:4)
  A juggernaut simulacrum (Depths:4)
  A hydra (D:13)
  17 tengu warriors
  8 death yaks
  6 vampire magi
  5 dancing weapons
  3 merfolk aquamancers
  5 deep troll shamans
  3 titan zombies
  12 spriggan berserkers
  A deep troll earth mage (Depths:4)
  3 orc high priests (Orc:2)
  45 hell knights
  22 hell hogs
  The ghost of M4edhros the Martial Artist, a novice OpNe of Cheibriados (D:10)
  7 storm dragon zombies
  4 spriggans
  15 sun demons
  3 deep elf knights (Elf:3)
  24 soul eaters
  An iron golem (Geh:4)
  5 large abominations
  4 titan skeletons
  A fire crab (Geh:2)
  A spectral emperor scorpion (Spider:4)
  114 skeletal warriors
  4 wretched stars (Abyss:3)
  7 storm dragon skeletons
  7 iron trolls
  17 shadow wraiths
  A spatial maelstrom (Abyss:3)
  5 salamander mystics
  An unseen horror (D:15)
  20 shadow demons
  15 flayed ghosts
  3 gelid demonspawn (Pan)
  8 sea snakes
  8 death scarabs (Spider:4)
  A ghost moth zombie (Dis:6)
  9 deep trolls
  4 giant orange brains
  5 anaconda zombies
  6 spectral wolf spiders (Spider:4)
  A golden dragon zombie (Dis:2)
  3 golden dragon skeletons
  3 torturous demonspawn
  2 shadow dragon zombies (Geh:7)
  7 wizards
  An infernal demonspawn (Pan)
  3 anaconda skeletons
  A wolf spider zombie (Dis:7)
  4 deep elf archers
  10 orc knights
  2 hill giants (D:13)
  3 putrid demonspawn
  14 phantasmal warriors
  8 frost giant zombies
  2 tengu skeletons
  11 necromancers
  8 ironbrand convokers
  A cyclops (shapeshifter) (Depths:1)
  16 wolf spiders
  3 iron dragon zombies
  8 griffons
  10 orc sorcerers
  6 harpies
  4 shining eyes
  19 deep elf magi
  7 hornets
  3 manticores
  3 fauns (Shoals:2)
  4 iron dragon skeletons
  8 cyclopes
  2 moths of wrath (Spider:4)
  37 ugly things
  A glowing shapeshifter (Vaults:5)
  A hornet (shapeshifter) (Vaults:5)
  A stone giant zombie (Dis:6)
  A shadow dragon skeleton (Coc:7)
  7 fire giant zombies
  3 elephants
  A moth of wrath (shapeshifter) (D:14)
  2 centaur zombies
  7 water nymphs
  8 vault sentinels
  2 eyes of devastation
  9 sirens
  2 sixfirhies (Pan)
  4 stone giant skeletons
  2 black mambas (shapeshifter)
  4 frost giant skeletons
  2 naga magi (D:15)
  A smoke demon (Pan)
  21 salamanders
  4 fire giant skeletons
  Maurice (Orc:2)
  2 ice statues
  25 rust devils
  3 titan simulacra
  5 dire elephant skeletons
  7 molten gargoyles (Geh:7)
  A shock serpent skeleton (Tar:7)
  2 orange demons (Pan)
  11 spiny frogs
  5 storm dragon simulacra
  3 spectral redbacks (Spider:4)
  56 yaktaurs
  A rime drake (shapeshifter) (Vaults:1)
  An emperor scorpion zombie (Geh:7)
  5 efreet
  4 catoblepas zombies
  2 komodo dragons
  25 ice devils
  3 anaconda simulacra
  32 hellions
  7 demonic crawlers
  A komodo dragon (shapeshifter) (D:15)
  18 freezing wraiths
  A hellwing (Depths:3)
  30 tormentors
  3 ancient zymes
  27 merfolk
  A catoblepas skeleton (Tar:3)
  9 trolls
  2 guardian mummies (Crypt:3)
  3 silent spectres
  7 small abominations
  A queen bee (shapeshifter) (Vaults:1)
  12 red devils
  9 tengu conjurers
  A redback zombie (Spider:4)
  12 hydra zombies
  A spectral tarantella (Spider:4)
  An entropy weaver zombie (Crypt:3)
  19 jumping spiders
  22 two-headed ogres
  2 queen bees
  A raiju (Abyss:2)
  Prince Ribbit (D:8)
  A shadow dragon simulacrum (Abyss:3)
  2 wind drakes (Shoals:4)
  3 ice dragon zombies
  5 hydra skeletons
  A jumping spider (shapeshifter) (D:13)
  2 spectral hornets (Spider:4)
  4 spectral jumping spiders (Spider:4)
  A wolf spider simulacrum (D:15)
  5 alligator zombies
  21 blink frogs
  A tarantella zombie (Spider:4)
  5 boulder beetles
  7 snapping turtles
  3 harpy skeletons
  5 ettin zombies
  2 frost giant simulacra
  104 slime creatures
  8 ettin skeletons
  5 fire dragon zombies
  2 air elementals (Elf:3)
  83 flying skulls
  3 alligator skeletons
  2 ice dragon skeletons (Coc:7)
  2 black mamba zombies
  2 ynoxinuls
  A tarantella (shapeshifter) (Depths:1)
  18 tarantellas
  29 wraiths
  A wyvern (D:14)
  30 yaks
  23 shadows
  58 redbacks
  A golden eye (shapeshifter) (Vaults:5)
  9 water elementals
  A giant leech zombie (Crypt:3)
  7 hungry ghosts
  A human (shapeshifter) (D:13)
  21 fire elementals
  9 golden eyes
  A fire bat (shapeshifter) (Vaults:4)
  8 hippogriffs
  2 chaos spawn (Pan)
  5 wargs
  2 mottled dragons
  A glowing shapeshifter zombie (Crypt:1)
  A merfolk zombie (Geh:2)
  A torturous demonspawn zombie (Crypt:2)
  25 vampire mosquitoes
  A soldier ant (D:13)
  6 spiny frog zombies
  4 insubstantial wisps (Abyss:1)
  2 hydra simulacra
  48 hell hounds
  8 water moccasins
  A giant eyeball (Depths:5)
  2 porcupines
  2 ice beasts
  3 manticore zombies
  3 sky beasts
  26 orc warriors
  A snapping turtle zombie (Coc:3)
  A wasp (shapeshifter) (Vaults:5)
  A black bear (shapeshifter) (Vaults:1)
  2 swamp dragon zombies
  4 wasps
  5 spiny frog skeletons
  3 black bears
  2 phantoms
  8 eyes of draining
  An ettin simulacrum (Tar:6)
  21 necrophages
  2 elf skeletons
  A fire dragon simulacrum (Coc:7)
  A manticore skeleton (Geh:7)
  49 ogres
  11 boggarts
  A swamp dragon skeleton (Tar:7)
  20 centaurs
  4 crocodiles
  6 wolves (Lair:8)
  A snapping turtle skeleton (Geh:6)
  A crocodile (shapeshifter) (Vaults:5)
  An elf zombie (Dis:6)
  10 giant frogs
  6 big kobolds
  2 yaktaur skeletons
  2 earth elementals (Elf:2)
  2 wyvern skeletons (D:13)
  4 scorpions
  2 human simulacra
  A water moccasin skeleton (Crypt:3)
  A troll zombie (D:13)
  A warg skeleton (Crypt:2)
  A boulder beetle zombie (Vaults:1)
  63 killer bees
  A troll skeleton (D:13)
  A spriggan skeleton (Geh:7)
  2 electric eels
  52 wights
  4 howler monkeys (D:14)
  16 crimson imps
  2 giant frog zombies
  A quasit (D:10)
  A yaktaur simulacrum (Vaults:1)
  A black bear zombie (Crypt:2)
  8 hounds
  20 iron imps
  A two-headed ogre zombie (Crypt:3)
  3 human zombies
  16 orc priests
  38 jellies
  33 orc wizards
  10 centaur skeletons
  2 giant frog skeletons
  6 iguanas
  A black bear skeleton (Crypt:2)
  8 human skeletons
  7 worker ants
  A worker ant (shapeshifter) (Vaults:5)
  4 sheep
  A naga zombie (Dis:7)
  An ogre zombie (Geh:2)
  A tengu zombie (Dis:6)
  5 mummies
  A worker ant zombie (D:9)
  Robin (D:3)
  2 gnolls (D:11)
  33 river rats
  2 adders (D:8)
  10 shadow imps
  7 white imps
  An ufetubus (Depths:3)
  6 oozes
  An adder skeleton (D:9)
  A worm (D:2)
  2 dart slugs (D:1)
  2 giant geckos
  86 orcs
  2 bats (D:1)
  2 giant cockroaches
  12 goblins
  6 hobgoblins
  4 kobolds
  A quokka (D:6)
  A giant newt (D:2)
  A quokka zombie (Crypt:3)
  4 rats
  A rat skeleton (Crypt:3)
  4 crawling corpses (Elf:3)
  2 fire vortices
  2 fungi
  A lost soul (Crypt:2)
  9 plants
  12 tentacles
3195 creatures vanquished.

Vanquished Creatures (collateral kills)
  A pandemonium lord (Pan)
  2 Brimstone Fiends
  An acid blob (Slime:2)
  Ilsuiw (Shoals:4)
  An orc warlord (Orc:2)
  A balrug (Abyss:3)
  A cacodemon (Pan)
  A spark wasp (Spider:4)
  2 merfolk javelineers (Shoals:4)
  A merfolk impaler (Shoals:4)
  2 death oozes (Slime:6)
  A yaktaur captain (Depths:3)
  2 merfolk avatars
  3 hydras
  A merfolk aquamancer (Shoals:4)
  An alligator snapping turtle (Shoals:4)
  2 satyrs (Shoals:2)
  A titan zombie (Coc:7)
  3 death yaks (Lair:6)
  A flayed ghost (Tar:5)
  A storm dragon skeleton (Geh:7)
  An anaconda zombie (Coc:7)
  4 sea snakes
  2 harpies (Shoals:2)
  5 orb spiders
  An orc knight (Vaults:3)
  5 hornets
  A necromancer (D:15)
  3 wolf spiders
  2 wolf spider zombies
  2 cyclopes
  A faun (Shoals:2)
  2 griffons
  2 shining eyes
  A moth of wrath (Spider:4)
  A rust devil (Dis:7)
  10 elephants
  2 sirens (Shoals:4)
  An eye of devastation (Slime:2)
  4 spiny frogs (Lair:8)
  A water nymph (Shoals:4)
  2 orange demons (Hell)
  A frost giant skeleton (Geh:7)
  A hellion (Tar:5)
  2 redback zombies (Spider:4)
  A freezing wraith (Dis:7)
  2 tormentors
  2 rime drakes
  4 yaktaurs (Depths:3)
  4 komodo dragons
  4 red devils
  A troll (Orc:2)
  A spectral jumping spider (Spider:4)
  6 jumping spiders
  8 merfolk
  A giant leech (Lair:8)
  A large abomination (Abyss:3)
  9 blink frogs
  A fire dragon zombie (Dis:7)
  An alligator zombie (Dis:7)
  5 slime creatures
  2 centaur simulacra (D:15)
  A shadow (D:13)
  17 redbacks
  5 tarantellas
  15 yaks
  2 small abominations (Abyss:3)
  A water elemental (Elf:3)
  3 basilisks
  2 hippogriffs
  5 vampire mosquitoes (Lair:8)
  A swamp worm (shapeshifter) (D:13)
  5 water moccasins
  4 porcupines
  An ice beast (D:10)
  A manticore zombie (Geh:7)
  An eye of draining (Slime:2)
  A necrophage (D:14)
  3 orc warriors (Orc:2)
  An ogre (Orc:1)
  5 crocodiles
  11 giant frogs
  A gnoll sergeant (D:11)
  8 killer bees
  2 wights (D:7)
  2 electric eels (Lair:8)
  A jelly (D:13)
  A centaur zombie (Coc:7)
  A giant frog zombie (D:13)
  5 orc wizards
  2 orc priests
  2 iguanas (Lair:2)
  2 sheep (Shoals:4)
  A hound zombie (D:5)
  A gnoll (D:11)
  18 river rats
  An ufetubus (Abyss:3)
  21 orcs
  A quokka skeleton (D:10)
  A fungus (Lair:7)
  16 plants
312 creatures vanquished.

Vanquished Creatures (others)
  An eldritch tentacle (Coc:7)
  A tengu reaver (Depths:3)
  A naga mage (Lair:8)
  A balrug (Geh:6)
  An elemental wellspring (Coc:7)
  A blood saint (Pan)
  A salamander stormcaller (Geh:7)
  2 hell hogs
  A titan zombie (Geh:7)
  A soul eater (Pan)
  A hell knight (Geh:6)
  An anaconda zombie (Coc:7)
  A necromancer (Geh:2)
  A deep elf mage (Elf:3)
  An ugly thing (Abyss:3)
  A salamander (Geh:7)
  A vault sentinel (Vaults:3)
  A smoke demon (Pan)
  An orange demon (Hell)
  A tengu conjurer (Depths:2)
  A merfolk (Orc:2)
  A small abomination (Abyss:3)
  2 flying skulls (Coc:7)
  2 yaks (D:10)
  A mottled dragon (D:13)
  An alligator simulacrum (Abyss:3)
  A wight (Geh:7)
  2 killer bees
  A crimson imp (Tar:4)
  A shadow imp (Tar:7)
  An orc (Vaults:3)
  143 eldritch tentacle segments
  9 fulminant prisms
  6 fungi
  2 lost souls (Crypt:2)
  29 plants
  5 snaplasher vines
  144 snaplasher vine segments
  2 starspawn tentacles (Abyss:1)
  3 starspawn tentacle segments (Abyss:1)
  35 tentacles
  614 tentacle segments
1027 creatures vanquished.

Grand Total: 4534 creatures vanquished

Notes
Turn   | Place    | Note
--------------------------------------------------------------
     0 | D:1      | M4edhros the Octopode Necromancer began the quest for the Orb.
     0 | D:1      | Reached XP level 1. HP: 11/11 MP: 3/3
   105 | D:1      | Reached skill level 1 in Unarmed Combat
   184 | D:1      | Reached XP level 2. HP: 13/17 MP: 3/5
   554 | D:2      | Reached XP level 3. HP: 1/21 MP: 0/6
   557 | D:2      | Learned a level 1 spell: Animate Skeleton
   561 | D:2      | Learned a level 3 spell: Regeneration
   634 | D:3      | Noticed Robin
   654 | D:3      | Killed Robin
   885 | D:5      | Entered Level 5 of the Dungeon
   917 | D:4      | Found a staircase to the Ecumenical Temple.
   920 | D:4      | Reached XP level 4. HP: 27/27 MP: 5/7
   930 | Temple   | Entered the Ecumenical Temple
  1027 | D:5      | Reached skill level 1 in Fighting
  1027 | D:5      | Reached XP level 5. HP: 15/33 MP: 4/8
  1065 | D:5      | Noticed a centaur
  1077 | D:5      | Killed a centaur
  1097 | D:5      | Found a snail-covered altar of Cheibriados.
  1106 | D:5      | Reached XP level 6. HP: 19/39 MP: 1/9
  1109 | D:5      | Became a worshipper of Cheibriados the Contemplative
  1176 | D:5      | Found a stormy altar of Qazlal.
  1177 | D:5      | Noticed an ice beast
  1203 | D:5      | Killed an ice beast
  1203 | D:5      | Reached XP level 7. HP: 28/46 MP: 10/10
  1250 | D:5      | Reached skill level 5 in Unarmed Combat
  1363 | D:6      | Reached * piety under Cheibriados
  1516 | D:7      | Found Moyhenuy's Antique Armour Boutique.
  1573 | D:7      | Reached XP level 8. HP: 21/54 MP: 11/11
  1592 | D:7      | Reached skill level 5 in Dodging
  1635 | D:7      | Found an opulent altar of Gozag.
  1791 | D:8      | Noticed Prince Ribbit
  1797 | D:8      | Killed Prince Ribbit
  1797 | D:8      | Reached skill level 5 in Fighting
  1871 | D:8      | Found Zagume's Jewellery Shop.
  1951 | D:8      | Reached ** piety under Cheibriados
  2054 | D:8      | Found a basalt altar of Yredelemnul.
  2130 | D:9      | Reached XP level 9. HP: 62/62 MP: 12/12
  2235 | D:9      | Found Meutuxko's General Store.
  2239 | D:9      | Bought a potion of agility for 44 gold pieces
  2239 | D:9      | Bought a potion of heal wounds for 55 gold pieces
  2341 | D:9      | Reached *** piety under Cheibriados
  2406 | D:9      | Found a glowing silver altar of Zin.
  2407 | D:9      | Found a blossoming altar of Fedhas.
  2407 | D:9      | Found a glowing golden altar of the Shining One.
  2415 | D:9      | Found a burning altar of Makhleb.
  2416 | D:9      | Found a bloodstained altar of Trog.
  2479 | D:10     | Entered Level 10 of the Dungeon
  2503 | D:10     | Found a staircase to the Orcish Mines.
  2569 | D:10     | Noticed M4edhros's ghost (novice OpNe)
  2687 | D:10     | Hired Fekhlaim the naga for 170 gold.
  2831 | D:10     | Gained mutation: Your spells are a little harder to cast, but a little more powerful. [potion of beneficial mutation]
  2840 | D:10     | Killed M4edhros's ghost
  2840 | D:10     | Reached XP level 10. HP: 69/72 MP: 9/13
  2932 | D:11     | Reached skill level 1 in Invocations
  2944 | D:11     | Reached **** piety under Cheibriados
  3010 | D:11     | Found a staircase to the Lair.
  3019 | Lair:1   | Entered Level 1 of the Lair of Beasts
  3063 | Lair:1   | Noticed a spiny frog
  3064 | Lair:1   | Found a labyrinth entrance.
  3074 | Lab      | Entered a labyrinth
  4070 | Lab      | Noticed a minotaur
  4130 | Lair:1   | Killed a spiny frog
  4161 | Lair:1   | Learned a level 2 spell: Repel Missiles
  4246 | Lair:2   | Noticed an eight-headed hydra
  4260 | Lair:2   | Killed an eight-headed hydra
  4276 | Lair:2   | Reached skill level 5 in Invocations
  4307 | Lair:2   | Noticed an eight-headed hydra
  4313 | Lair:2   | Killed an eight-headed hydra
  4413 | Lair:3   | Reached ***** piety under Cheibriados
  4413 | Lair:3   | Reached XP level 11. HP: 64/77 MP: 15/15
  4827 | Lair:5   | Reached skill level 10 in Unarmed Combat
  4992 | Lair:6   | Learned a level 1 spell: Apportation
  5011 | Lair:6   | Reached skill level 10 in Dodging
  5059 | Lair:6   | Noticed a death yak
  5070 | Lair:6   | Learned a level 4 spell: Passage of Golubria
  5088 | Lair:6   | Noticed a griffon
  5095 | Lair:6   | Noticed a death yak
  5095 | Lair:6   | Killed a death yak
  5095 | Lair:6   | Reached skill level 1 in Translocations
  5096 | Lair:6   | Noticed a death yak
  5098 | Lair:6   | Noticed a death yak
  5101 | Lair:6   | Killed a griffon
  5106 | Lair:6   | Killed a death yak
  5108 | Lair:6   | Killed a death yak
  5110 | Lair:6   | Killed a death yak
  5254 | Lair:7   | Reached XP level 12. HP: 78/82 MP: 16/16
  5471 | Lair:8   | Entered Level 8 of the Lair of Beasts
  5487 | Lair:8   | Reached skill level 5 in Translocations
  5569 | Lair:8   | Reached ****** piety under Cheibriados
  5575 | Lair:8   | Learned a level 4 spell: Animate Dead
  5591 | Lair:8   | Noticed a five-headed hydra
  5596 | Lair:8   | Killed a five-headed hydra
  5596 | Lair:8   | Your ally Fekhlaim died
  5601 | Lair:8   | Reached XP level 13. HP: 32/88 MP: 12/18
  5679 | Lair:8   | Gained mutation: You tend to lose your temper in combat. [mutagenic glow]
  5747 | Lair:8   | Gained mutation: You are partially covered in thin metallic scales (AC +2). [mutagenic glow]
  5788 | Lair:8   | Learned a level 3 spell: Dazzling Spray
  5933 | Lair:8   | Reached skill level 1 in Hexes
  5990 | Lair:7   | Found a shimmering altar of Xom.
  6045 | Lair:6   | Found a staircase to the Slime Pits.
  6046 | Lair:6   | Found a viscous altar of Jiyva.
  6197 | Lair:5   | Found a shimmering altar of Xom.
  6480 | Lair:4   | Found a staircase to the Shoals.
  6498 | Lair:4   | Reached skill level 1 in Shields
  6652 | Orc:1    | Entered Level 1 of the Orcish Mines
  6670 | Orc:1    | Noticed an orc warlord
  6683 | Orc:1    | Killed an orc warlord
  6683 | Orc:1    | Reached skill level 2 in Shields
  6751 | Orc:1    | Found a burning altar of Makhleb.
  6872 | Orc:1    | Hired Weffutis the merfolk for 293 gold.
  6917 | Orc:2    | Entered Level 2 of the Orcish Mines
  6926 | Orc:2    | Noticed Rupert
  6936 | Orc:2    | Noticed Maurice
  6943 | Orc:2    | Your ally Weffutis died
  6949 | Orc:2    | Killed Rupert
  6949 | Orc:2    | Reached skill level 3 in Shields
  6949 | Orc:2    | Reached skill level 1 in Evocations
  7036 | Orc:2    | Killed Maurice
  7070 | Orc:2    | Found a staircase to the Elven Halls.
  7182 | Orc:2    | Noticed an orc warlord
  7189 | Orc:2    | Gained mutation: You are partially covered in molten scales (AC +1). [potion of mutation]
  7189 | Orc:2    | Gained mutation: Your magical capacity is low (-10% MP). [potion of mutation]
  7194 | Orc:2    | Killed an orc warlord
  7194 | Orc:2    | Reached XP level 14. HP: 55/97 MP: 17/17
  7412 | Orc:2    | Gained mutation: Potions and wands are less effective at restoring your health. [potion of mutation]
  7412 | Orc:2    | Gained mutation: You are partially covered in yellow scales (AC +2). [potion of mutation]
  7412 | Orc:2    | Lost mutation: Potions and wands are less effective at restoring your health. [potion of mutation]
  7414 | Orc:2    | Found Rubikoap's General Store.
  7516 | Orc:2    | Found Plog's Jewellery Shop.
  7530 | Orc:2    | Reached skill level 15 in Unarmed Combat
  7537 | Orc:2    | Reached skill level 4 in Shields
  7617 | Orc:2    | Found Mutseeb's Jewellery Shoppe.
  7627 | Orc:2    | Found Lustinn's Gadget Shoppe.
  7654 | Orc:2    | Bought the ring of Arunnox {EV+3 Str+2 Dex+5} for 555 gold pieces
  8329 | D:11     | Found a portal to a secret trove of treasure.
  8408 | D:12     | Noticed Maud
  8414 | D:12     | Killed Maud
  8441 | D:12     | Identified a -2 rod of clouds (10/10) (You found it on level 12 of the Dungeon)
  8570 | D:12     | Reached skill level 5 in Hexes
  8801 | D:13     | Reached skill level 5 in Shields
  9021 | D:13     | Found a basalt altar of Yredelemnul.
  9219 | D:13     | Reached skill level 5 in Stealth
  9235 | D:13     | Reached skill level 5 in Evocations
  9302 | D:13     | Reached XP level 15. HP: 83/101 MP: 10/18
  9311 | D:13     | Gained mutation: You are weak. (Str -2) [mutagenic meat]
  9312 | D:13     | Lost mutation: You are weak. (Str -2) [mutagenic meat]
  9314 | D:13     | Gained mutation: You often lose your temper in combat. [mutagenic meat]
  9376 | D:13     | Gained mutation: You are resistant to hostile enchantments. [mutagenic meat]
  9377 | D:13     | Lost mutation: Your spells are a little harder to cast, but a little more powerful. [mutagenic meat]
  9503 | D:14     | Noticed Azrael
  9519 | D:14     | Killed Azrael
  9532 | D:14     | Noticed Josephine
  9537 | D:14     | Killed Josephine
  9670 | D:14     | Gained mutation: One of your tentacles bears a spike. [mutagenic meat]
  9671 | D:14     | Lost mutation: One of your tentacles bears a spike. [mutagenic meat]
  9672 | D:14     | Gained mutation: You are highly resistant to hostile enchantments. [mutagenic meat]
  9673 | D:14     | Gained mutation: You can translocate small distances at will. [mutagenic meat]
  9675 | D:14     | Lost mutation: You often lose your temper in combat. [mutagenic meat]
  9676 | D:14     | Gained mutation: You are frail (-10% HP). [mutagenic meat]
 10047 | D:14     | Lost mutation: You tend to lose your temper in combat. [mutagenic meat]
 10052 | D:14     | Lost mutation: You are highly resistant to hostile enchantments. [potion of mutation]
 10052 | D:14     | Lost mutation: You are partially covered in thin metallic scales (AC +2). [potion of mutation]
 10162 | D:15     | Entered Level 15 of the Dungeon
 10245 | D:15     | Found a staircase to the Depths.
 10297 | D:15     | Reached skill level 10 in Fighting
 10462 | D:15     | Lost mutation: You are frail (-10% HP). [mutagenic meat]
 10463 | D:15     | Gained mutation: You have supernaturally acute eyesight. [mutagenic meat]
 10464 | D:15     | Gained mutation: You are robust (+10% HP). [mutagenic meat]
 10465 | D:15     | Gained mutation: You occasionally shout uncontrollably at your foes. [mutagenic meat]
 10466 | D:15     | Lost mutation: Your magical capacity is low (-10% MP). [mutagenic meat]
 10656 | D:15     | Lost mutation: You have supernaturally acute eyesight. [mutagenic meat]
 10657 | D:15     | Lost mutation: You are resistant to hostile enchantments. [mutagenic meat]
 10658 | D:15     | Gained mutation: You have a pair of small antennae on your head. [mutagenic meat]
 10659 | D:15     | Gained mutation: You are somewhat resistant to further mutation. [mutagenic meat]
 10660 | D:15     | Gained mutation: Your flesh is cold resistant. [mutagenic meat]
 10819 | D:13     | Found a gate to the Vaults.
 11168 | D:9      | Found a shadowy altar of Dithmenos.
 11308 | D:8      | Bought the ring of Jijij {+Fly rPois rC+ Str+4 Int+2} for 721 gold pieces
 11446 | Lair:3   | Reached XP level 16. HP: 107/121 MP: 21/21
 11502 | Lair:3   | Found a hole to the Spider Nest.
 11509 | Spider:1 | Entered Level 1 of the Spider Nest
 11611 | D:10     | Learned a level 2 spell: Passwall
 11743 | Spider:1 | Reached skill level 1 in Transmutations
 11834 | Spider:1 | Noticed Frances
 11844 | Spider:1 | Killed Frances
 11844 | Spider:1 | Reached skill level 1 in Earth Magic
 12292 | Spider:3 | Gained mutation: Your mind is acute. (Int +2) [potion of mutation]
 12301 | Spider:4 | Entered Level 4 of the Spider Nest
 12342 | Spider:4 | Learned a level 4 spell: Fulminant Prism
 12577 | Spider:4 | Reached skill level 5 in Earth Magic
 12586 | Spider:4 | Reached XP level 17. HP: 115/128 MP: 4/24
 12648 | Spider:4 | Reached skill level 5 in Transmutations
 12700 | Spider:4 | Gained mutation: You are clumsy. (Dex -2) [mutagenic meat]
 12703 | Spider:4 | Gained mutation: You expend magic power (3 MP) to strengthen your wands. [mutagenic meat]
 12751 | Spider:4 | Reached skill level 5 in Spellcasting
 12778 | Spider:4 | Got a gossamer rune of Zot
 13214 | Shoals:1 | Entered Level 1 of the Shoals
 13437 | Shoals:1 | Noticed a kraken
 13478 | Shoals:1 | Killed a kraken
 13599 | Shoals:2 | Identified the Volume of the Shifting Mountains (You found it on level 2 of the Shoals)
 13600 | Shoals:2 | AT LAST!!! Statue form, at 21k turns as chei
 13600 | Shoals:2 | pretty tough game whatsoever, but im ok on the road to win fastest till now
 13797 | Shoals:2 | Learned a level 6 spell: Statue Form
 13884 | Shoals:3 | Found Utoczi's Antique Weapon Shoppe.
 13906 | Shoals:3 | Found Toxuzyke's Armour Shop.
 13946 | Shoals:3 | Found Iplaeb's Distillery.
 13954 | Shoals:3 | Bought a potion of agility for 68 gold pieces
 13954 | Shoals:3 | Bought a potion of agility for 68 gold pieces
 13963 | Shoals:4 | Entered Level 4 of the Shoals
 14047 | Shoals:4 | Got a scorched long sword
 14091 | Shoals:4 | Identified the Disquisition on Earthen Translocation
 14222 | Shoals:4 | Reached XP level 18. HP: 136/136 MP: 28/28
 14282 | Shoals:4 | Noticed Ilsuiw
 14286 | Shoals:4 | Killed Ilsuiw
 14372 | Shoals:4 | Got a barnacled rune of Zot
 14593 | Shoals:3 | Noticed Polyphemus
 14607 | Shoals:3 | Killed Polyphemus
 14614 | Shoals:3 | Found Xarhice's Armour Boutique.
 14911 | Slime:1  | Entered Level 1 of the Pits of Slime
 14956 | Slime:1  | Learned a level 5 spell: Summon Forest
 15194 | Elf:1    | Entered Level 1 of the Elven Halls
 15253 | Elf:2    | Identified the Papyrus of Feathers (You found it on level 2 of the Elven Halls)
 15302 | Elf:3    | Entered Level 3 of the Elven Halls
 15482 | Elf:3    | Reached skill level 1 in Air Magic
 15484 | Elf:3    | Noticed a deep elf blademaster
 15491 | Elf:3    | Killed a deep elf blademaster
 15493 | Elf:3    | Killed a ghostly deep elf blademaster
 15494 | Elf:3    | Noticed a deep elf blademaster
 15500 | Elf:3    | Killed a deep elf blademaster
 15506 | Elf:3    | Noticed a Brimstone Fiend
 15508 | Elf:3    | Reached skill level 10 in Transmutations
 15509 | Elf:3    | Reached skill level 10 in Earth Magic
 15538 | Elf:3    | Reached XP level 19. HP: 103/143 MP: 26/31
 15549 | Elf:3    | Noticed a Tzitzimitl
 15627 | Elf:3    | Got a pitted ivory ring
 15628 | Elf:3    | Identified the ring "Hutaolot" {rElec Stlth+} (You found it on level 3 of the Elven Halls)
 15763 | Elf:3    | Identified the Handbook of Stones and Moulding
 15934 | Elf:3    | Reached skill level 1 in Charms
 15986 | Elf:3    | Found a radiant altar of Vehumet.
 16361 | Depths:1 | Entered Level 1 of the Depths
 16361 | Depths:1 | Found a gateway to Hell.
 16402 | Depths:1 | Reached skill level 5 in Air Magic
 16405 | Depths:1 | Reached skill level 15 in Dodging
 16504 | Depths:1 | Gained mutation: You are weak. (Str -2) [mutagenic meat]
 16573 | Depths:1 | Lost mutation: You expend magic power (3 MP) to strengthen your wands. [mutagenic meat]
 16580 | Depths:1 | Lost mutation: You are partially covered in yellow scales (AC +2). [mutagenic meat]
 16583 | Depths:1 | Lost mutation: You are weak. (Str -2) [mutagenic meat]
 16584 | Depths:1 | Gained mutation: Your spells are a little harder to cast, but a little more powerful. [mutagenic meat]
 16623 | Depths:1 | Found a one-way gate to the infinite horrors of the Abyss.
 16693 | Depths:1 | Identified the Incunabulum of Envenoming
 16777 | Hell     | Entered the Vestibule of Hell
 16777 | Hell     | Noticed Geryon
 16843 | Hell     | Reached XP level 20. HP: 150/150 MP: 29/33
 16849 | Hell     | Killed Geryon
 16936 | Depths:2 | Reached skill level 5 in Charms
 17086 | Depths:2 | Lost mutation: You can translocate small distances at will. [mutagenic meat]
 17089 | Depths:2 | Gained mutation: Your muscles are strong. (Str +2) [mutagenic meat]
 17090 | Depths:2 | Gained mutation: Your magical capacity is low (-10% MP). [mutagenic meat]
 17149 | D:15     | Learned a level 4 spell: Summon Lightning Spire
 17271 | Vaults:1 | Entered Level 1 of the Vaults
 17330 | Vaults:1 | Reached skill level 10 in Spellcasting
 18319 | D:13     | Learned a level 6 spell: Deflect Missiles
 18586 | Vaults:3 | Found a staircase to the Crypt.
 18594 | Crypt:1  | Entered Level 1 of the Crypt
 18612 | Crypt:1  | Reached XP level 21. HP: 157/157 MP: 33/33
 18781 | Crypt:2  | Reached skill level 10 in Air Magic
 18786 | Crypt:2  | Reached skill level 6 in Shields
 18876 | Crypt:3  | Entered Level 3 of the Crypt
 18894 | Crypt:3  | Noticed Boris
 18903 | Crypt:3  | Killed Boris
 18984 | Crypt:3  | Noticed a bone dragon
 18990 | Crypt:3  | Killed a bone dragon
 19002 | Crypt:3  | Noticed an ancient lich
 19017 | Crypt:3  | Killed an ancient lich
 19023 | Crypt:3  | Got a steaming brass ring
 19023 | Crypt:3  | Got a twitching glass ring
 19024 | Crypt:3  | Identified the ring "Dopenue" {+Inv rF- rN+ Str+3 Stlth+} (You found it on level 3 of the Crypt)
 19026 | Crypt:3  | Identified the ring of Abla {rElec rN+ MR++ Slay+5} (You found it on level 3 of the Crypt)
 19027 | Crypt:3  | ok, good ring! relec rn mr2 slay5
 19062 | Crypt:3  | Reached skill level 7 in Shields
 19562 | Vaults:4 | Reached skill level 10 in Evocations
 19621 | Vaults:4 | Reached XP level 22. HP: 167/167 MP: 34/34
 19836 | Vaults:5 | Entered Level 5 of the Vaults
 19839 | Vaults:5 | Reached skill level 8 in Shields
 19952 | Vaults:5 | Noticed a golden dragon
 19956 | Vaults:5 | Killed a golden dragon
 20148 | Vaults:5 | Reached XP level 23. HP: 147/173 MP: 13/35
 20155 | Vaults:5 | Reached skill level 15 in Air Magic
 20240 | Vaults:5 | Noticed Saint Roka
 20255 | Vaults:5 | Killed Saint Roka
 20279 | Vaults:5 | Lost mutation: Your spells are a little harder to cast, but a little more powerful. [mutagenic meat]
 20280 | Vaults:5 | Lost mutation: You are clumsy. (Dex -2) [mutagenic meat]
 20395 | Vaults:5 | Got a translucent iron ring
 20398 | Vaults:5 | Identified the ring "Diubraj" {+Blink rElec rN+ Dex-5} (You took it off a deep elf sorcerer on level 5 of the Vaults)
 20544 | Vaults:5 | Reached skill level 9 in Shields
 20560 | Vaults:5 | Noticed a golden dragon
 20564 | Vaults:5 | Killed a golden dragon
 20738 | Vaults:5 | Got a silver rune of Zot
 20765 | Vaults:5 | Found Farink's Antique Weapon Shoppe.
 21492 | D:10     | Got a warped bronze amulet
 21494 | D:10     | Identified the amulet "Sopyifaa" {RegenMP Str+5 Dex-5} (You found it on level 10 of the Dungeon)
 21651 | Slime:3  | Reached skill level 10 in Shields
 21798 | Slime:5  | Reached XP level 24. HP: 179/179 MP: 35/36
 21824 | Slime:6  | Entered Level 6 of the Pits of Slime
 21871 | Slime:6  | Reached skill level 15 in Earth Magic
 21875 | Slime:6  | Gained mutation: Your magical capacity is very low (-20% MP). [a shining eye]
 21901 | Slime:6  | Reached skill level 11 in Shields
 21946 | Slime:6  | Found a viscous altar of Jiyva.
 22020 | Slime:6  | Noticed the Royal Jelly
 22022 | Slime:6  | Noticed Ajdolov's ghost (legendary GrGl)
 22118 | Slime:6  | Killed the Royal Jelly
 22147 | Slime:6  | Killed Ajdolov's ghost
 22231 | Slime:6  | Gained mutation: You are partially covered in thin metallic scales (AC +2). [helix card]
 22244 | Slime:6  | Lost mutation: Your muscles are strong. (Str +2) [helix card]
 22245 | Slime:6  | Lost mutation: Your magical capacity is very low (-20% MP). [helix card]
 22265 | Slime:6  | Got a slimy rune of Zot
 22289 | Slime:6  | Identified the Collected Works on the Helpful Compass (You found it on level 6 of the Pits of Slime)
 22327 | Slime:4  | Noticed Dissolution
 22342 | Slime:3  | Reached skill level 12 in Shields
 22771 | Depths:2 | Lost mutation: You occasionally shout uncontrollably at your foes. [mutagenic meat]
 22772 | Depths:2 | Lost mutation: Your flesh is cold resistant. [mutagenic meat]
 22788 | Depths:2 | Reached skill level 13 in Shields
 22867 | Depths:2 | Noticed Aizul
 22871 | Depths:2 | Killed Aizul
 22884 | Depths:2 | Lost mutation: You are robust (+10% HP). [the power of Zot]
 22890 | Depths:2 | Reached skill level 14 in Shields
 23068 | Depths:2 | Reached skill level 15 in Shields
 23100 | Depths:3 | Reached XP level 25. HP: 169/169 MP: 34/36
 23116 | Depths:3 | Reached skill level 16 in Shields
 23196 | Depths:3 | Voluntarily entered the Abyss.
 23196 | Abyss:1  | Found a corrupted altar of Lugonu.
 23373 | Abyss:3  | Found a corrupted altar of Lugonu.
 23408 | Abyss:3  | Reached skill level 17 in Shields
 23412 | Abyss:3  | Lost mutation: You are somewhat resistant to further mutation. [mutagenic meat]
 23420 | Abyss:3  | Got an abyssal rune of Zot
 23502 | Depths:3 | Escaped the Abyss
 23556 | Depths:3 | Found a one-way gate leading to the halls of Pandemonium.
 23628 | Pan      | Entered Pandemonium
 23633 | Pan      | Noticed Qih Jiri the pandemonium lord
 23647 | Pan      | Killed Qih Jiri the pandemonium lord
 23662 | Pan      | Reached skill level 18 in Shields
 23694 | Depths:3 | Escaped Pandemonium
 23743 | Depths:4 | Noticed Sojobo
 23756 | Depths:4 | Killed Sojobo
 23819 | Depths:4 | Found a glowing golden altar of the Shining One.
 23823 | Depths:4 | Found a gateway to a ziggurat.
 23868 | Depths:4 | Found an ancient bone altar of Kikubaaqudgha.
 23887 | Depths:4 | Reached skill level 19 in Shields
 24059 | Depths:4 | Found a blossoming altar of Fedhas.
 24103 | Depths:4 | Reached skill level 20 in Shields
 24106 | Depths:4 | Noticed an ancient lich
 24106 | Depths:4 | Reached XP level 26. HP: 175/175 MP: 27/36
 24112 | Depths:4 | Killed an ancient lich
 24112 | Depths:4 | Reached skill level 21 in Shields
 24289 | Depths:4 | Lost mutation: Your mind is acute. (Int +2) [mutagenic meat]
 24290 | Depths:4 | Lost mutation: You have a pair of small antennae on your head. [mutagenic meat]
 24291 | Depths:4 | Gained mutation: Your flesh is cold resistant. [mutagenic meat]
 24292 | Depths:4 | Gained mutation: Your flesh is heat resistant. [mutagenic meat]
 24298 | Depths:4 | yes, got rc and rf from muts, gj
 24353 | Depths:4 | Got a glittering jade ring
 24355 | Depths:4 | Identified the ring of Unijesk {rPois MR+ Str+2} (You found it on level 4 of the Depths)
 24368 | Depths:4 | Identified the Disquisition on Intoxication and Air
 24380 | Depths:4 | Learned a level 9 spell: Tornado
 24500 | Depths:4 | Found a glowing silver altar of Zin.
 24634 | Depths:5 | Entered Level 5 of the Depths
 24659 | Depths:5 | Reached skill level 22 in Shields
 24685 | Depths:5 | Found a runed door.
 24685 | Depths:5 | Found a runed door.
 24806 | Depths:5 | Found a runed door.
 24815 | Depths:5 | Found a runed door.
 24830 | Depths:5 | Found a runed door.
 24834 | Depths:5 | Found a runed door.
 24869 | Depths:5 | Found a gate to the Realm of Zot.
 24927 | Depths:5 | Gained mutation: Your spells are a little harder to cast, but a little more powerful. [potion of mutation]
 24927 | Depths:5 | Gained mutation: Your body sometimes deteriorates upon taking damage. [potion of mutation]
 25293 | Hell     | Gained mutation: You occasionally shout uncontrollably at your foes. [a cacodemon]
 25304 | Hell     | Gained mutation: You are mostly covered in molten scales (AC +3, EV -1). [a cacodemon]
 25335 | Hell     | Found a gateway to the decaying netherworld of Tartarus.
 25358 | Tar:1    | Entered Level 1 of Tartarus
 25359 | Tar:1    | Reached XP level 27. HP: 180/180 MP: 36/36
 25475 | Tar:2    | Reached skill level 23 in Shields
 25668 | Tar:4    | Reached skill level 15 in Spellcasting
 25872 | Tar:5    | Gained mutation: Your spells are harder to cast, but more powerful. [mutagenic glow]
 25940 | Tar:7    | Entered Level 7 of Tartarus
 26040 | Tar:7    | Noticed an ancient lich
 26044 | Tar:7    | Killed an ancient lich
 26058 | Tar:7    | Got a faintly glowing pewter ring
 26330 | Tar:7    | Noticed the Serpent of Hell
 26337 | Tar:7    | Killed the Serpent of Hell
 26527 | Tar:7    | Noticed Ereshkigal
 26643 | Tar:7    | Killed Ereshkigal
 26700 | Tar:7    | Got a bone rune of Zot
 26837 | Tar:7    | Gained mutation: You tend to lose your temper in combat. [mutagenic glow]
 26891 | Tar:7    | Reached skill level 24 in Shields
 27032 | Hell     | Identified the ring "Mith" {SustAt Int+3 Stlth-} (You found it on level 7 of Tartarus)
 27072 | Hell     | Found a gateway to the freezing wastes of Cocytus.
 27106 | Coc:1    | Entered Level 1 of Cocytus
 27288 | Coc:7    | Entered Level 7 of Cocytus
 27714 | Coc:7    | Noticed Antaeus
 27733 | Coc:7    | Got an icy rune of Zot
 28008 | Hell     | Found a gateway to the ashen valley of Gehenna.
 28022 | Geh:1    | Entered Level 1 of Gehenna
 28474 | Geh:5    | Reached skill level 25 in Shields
 28542 | Geh:7    | Entered Level 7 of Gehenna
 29033 | Geh:7    | Learned a level 8 spell: Controlled Blink
 29040 | Geh:7    | Learned a level 6 spell: Dispersal
 29134 | Geh:7    | Noticed Asmodeus
 29149 | Geh:7    | Killed Asmodeus
 29160 | Geh:7    | Got an obsidian rune of Zot
 29238 | Hell     | Found a gateway to the Iron City of Dis.
 29247 | Dis:1    | Entered Level 1 of the Iron City of Dis
 30078 | Dis:7    | Entered Level 7 of the Iron City of Dis
 30172 | Dis:7    | Reached skill level 10 in Translocations
 30203 | Dis:7    | Noticed Dispater
 30241 | Dis:7    | Killed Dispater
 30258 | Dis:7    | Got a sparkling graven amulet
 30260 | Dis:7    | Got an iron rune of Zot
 30262 | Dis:7    | Got a glittering platinum ring
 30263 | Dis:7    | Identified the amulet "Nazxiob" {Harm *Drain rPois Dex+5} (You found it on level 7 of the Iron City of Dis)
 30264 | Dis:7    | Identified the ring of Virtue {+Fly rN+ Str+3} (You found it on level 7 of the Iron City of Dis)
 30300 | Dis:7    | Got a glittering glass ring
 30301 | Dis:7    | Identified the ring "Giwuestre" {*Tele rC+ Str+10 Int-5 Dex-5} (You found it on level 7 of the Iron City of Dis)
 30315 | Dis:7    | Reached skill level 1 in Summonings
 30342 | Dis:7    | Gained mutation: You regenerate slowly when monsters are visible. [a cacodemon]
 30545 | Pan      | Entered Pandemonium
 30555 | Pan      | Paralysed by accursed screaming for 1 turns
 30619 | Pan      | Noticed Wutz the pandemonium lord
 30623 | Pan      | Killed Wutz the pandemonium lord
 30642 | Pan      | Lost mutation: You are partially covered in thin metallic scales (AC +2). [a cacodemon]
 30712 | Pan      | Killed from afar by a hellion

Vault maps used:
D:1:      dpeg_arrival_rhombus, serial_park_tiny_1
D:2:      nemelex_deck, nicolae_tso_swordbearing_angel
D:3:      grunt_temple_overflow_magic_moments, first_bread, uniq_robin
D:4:      minmay_temple_entry_hall, kennysheep_generic_room_7
D:5:      slow_altar_2, nicolae_qazlal_general_emergency, kennysheep_diamond
D:7:      lemuel_round_altar, serial_shops, shop
D:8:      kennysheep_mini_moat, serial_shops, nicolae_shop_crystal,
          grunt_ogre_cave, uniq_prince_ribbit1
D:9:      minmay_overflow_temple_star_hex,
          nicolae_dithmenos_through_a_glass_darkly, serial_shops, shop
D:10:     orc_0_dummy, minmay_statues_item
D:11:     lair_0_dummy, nicolae_trove_entry_diagonal, kennysheep_generic_room_9
D:12:     small_chamber_with_monster, st_stairs_14, minmay_more_statues,
          uniq_maud
D:13:     hangedman_what_comes_after_a, hangedman_vaults_entry_quadrant_bands,
          basic_altar, lemuel_mausoleum_altar_yredelemnul
D:14:     nicolae_two_hexagons, uniq_josephine, uniq_azrael
D:15:     grunt_enter_depths_magical_seal, grunt_decor_cap
Temple:   nicolae_temple_hex_pool
Lair:1:   lab_entry_generic, grunt_megastairs_1
Lair:2:   infiniplex_staircase_pool
Lair:3:   nicolae_spider_entry_tight_spaces, grunt_megastairs_4
Lair:4:   elwin_shoals_entry_rocks
Lair:5:   lemuel_oklob_altar, serial_bayou_shore_a
Lair:6:   slime_altar_1, beast_lair_carwin_5, lemuel_fruit_tree
Lair:7:   lemuel_centaur_altar, lemuel_fruit_fields
Lair:8:   minmay_lair_end_frog_pond
Shoals:1: nicolae_shoals_kraken_intersection
Shoals:2: cheibrodos_shoals_oceanic_diplomacy, uniq_louise
Shoals:3: serial_shops, shop, nicolae_shop_window_shopping, shop_statue,
          nicolae_shoals_c_island, uniq_polyphemus
Shoals:4: shoals_end_simple, shoals_ilsuiw_ice
Spider:1: uniq_frances
Spider:2: nicolae_spider_cling_halls
Spider:4: floodkiller_spider_rune_tomb, special_room, spider_trap
Slime:4:  cheibrodos_slime_lost_civilization_6, uniq_dissolution
Orc:1:    basic_altar
Orc:2:    st_orc_elflike, mines4_lemuel, uniq_rupert, uniq_maurice
Elf:1:    hangedman_cross_veins, basic_altar, hangedman_elf_represent,
          uniq_asterion
Elf:2:    evilmike_surprise_oklob
Elf:3:    minmay_elf_hall_golems, basic_altar
Vaults:1: hangedman_vaults_restitches, v_misc_10, vaults_room_semicircle,
          v_pattern_2, hangedman_vaults_nodes, nicolae_vaults_what_the_h,
          vaults_room_stairs_pillars, nicolae_vaults_little_squares_3,
          vaults_room_hallway, vaults_room_hallway
Vaults:2: v_misc_8, vaults_mumra_minichess, hangedman_vaults_stitches,
          grunt_vaults_funneled_arena, hangedman_vaults_trim, vaults_room_pool,
          nicolae_vaults_disjoint_gnomons, v_alt_pattern_4,
          ontoclasm_vaults_decontamination, hangedman_vaults_nails, uniq_xtahua
Vaults:3: v_misc_18, vaults_mumra_lcd, minmay_crypt_entry_skeletal_spiral,
          grunt_vaults_bifocal, nicolae_vaults_theta,
          nicolae_vaults_know_your_exits, v_misc_23,
          nicolae_vaults_sealed_display, ontoclasm_vaults_chip, v_misc_8,
          hangedman_vaults_restitches, grunt_vaults_twisty,
          grunt_vaults_trifunnel
Vaults:4: vaults_mumra_chevron_long, v_misc_1, v_misc_25, vaults_dpeg_doors,
          vaults_room_glass_cross, serial_ice_h, serial_shops, shop, uniq_donald
Vaults:5: uniq_saint_roka
Crypt:2:  lemuel_elevator
Crypt:3:  david_glass_crypt, tomb_entry_sphere_bobbens,
          nicolae_crypt_fedhas_prevails, minmay_misc_feat_five,
          grunt_ministairs_10, uniq_boris, uniq_wiglaf, uniq_margery
Depths:1: hell_entry, abyss_entry, kennysheep_two_boxes
Depths:2: lemuel_flame_loot_2, hell_entry, grunt_pan_entry_zigzag,
          minmay_acid_items, uniq_aizul
Depths:3: minmay_three_patterns, abyss_entry_crystal, minmay_misc_feat_iff,
          grunt_pan_entry_spiral, hell_entry
Depths:4: grunt_profane_halls, hell_entry, abyss_entry, uniq_sojobo
Depths:5: evilmike_zot_entry_castle, serial_bayou_pond_e, hell_entry
Dis:5:    nrook_loot_triangle, lemuel_elevator
Dis:7:    dis_st
Geh:3:    grunt_megastairs_5
Geh:7:    geh_grunt
Coc:3:    serial_ice, serial_ice_b, serial_ice_o, serial_ice_d, serial_ice_a
Coc:7:    coc_old
Tar:2:    lemuel_nasty_fountain
Tar:3:    nicolae_tar_cuneiform_to_be, nicolae_tar_cuneiform_bird
Tar:7:    tar_grunt_cathedral
Abyss:2:  hangedman_relentless_pull
Abyss:3:  hangedman_elemental_corridor, grunt_abyss_rune_wretched_hive,
          evilmike_abyss_exit_glass
Pan:      rand_demon_6, pan_blood_fountain, lemuel_hellion_island

Skill      XL: |  1  2  3  4  5  6  7  8  9 10 11 12 13 14 15 16 17 18 19 20 21 22 23 24 25 26 27 |
---------------+----------------------------------------------------------------------------------+-----
Unarmed Combat | 1 2 3 4 5 7 8 9 11 12 14 16 17 18 19 | 19.0
Fighting       | 1 2 3 4 5 7 9 10 11 12 13 | 13.5
Dodging        | 3 4 6 8 9 10 12 13 14 15 16 20 | 20.1
Invocations    | 6 |  6.5
Translocations | 3 6 7 11 | 11.0
Spellcasting   | 3 4 6 8 9 12 13 14 19 | 19.5
Hexes          | 3 5 |  5.0
Shields        | 3 5 7 8 10 15 20 22 25 | 25.4
Evocations     | 1 5 7 8 9 10 11 | 11.3
Stealth        | 5 8 |  8.8
Transmutations | 4 8 10 | 10.5
Earth Magic    | 5 8 10 12 14 15 | 15.3
Air Magic      | 2 7 9 12 14 16 23 | 23.7
Charms         | 4 5 |  5.4
Summonings     | 4 |  4.7
Necromancy     | |  4.0

Action                   |  1- 3 |  4- 6 |  7- 9 | 10-12 | 13-15 | 16-18 | 19-21 | 22-24 | 25-27 || total
-------------------------+-------+-------+-------+-------+-------+-------+-------+-------+-------++-------
Melee: Unarmed           |    31 |       |       |    38 |   754 |   627 |   720 |   693 |  2278 ||  5141
       Constrict         |    13 |     5 |    41 |    35 |   134 |   157 |   110 |    66 |   358 ||   919
       Tentacles         |     4 |     1 |    42 |    83 |   301 |   213 |   204 |   207 |   676 ||  1731
       Whip              |     4 |    32 |   160 |   148 |       |       |       |       |       ||   344
       Punch             |       |     2 |    12 |    35 |   192 |   173 |   172 |   127 |   531 ||  1244
Throw: Javelin           |       |       |     2 |       |     2 |       |       |       |       ||     4
 Cast: Pain              |    43 |     1 |       |     3 |       |       |       |       |       ||    47
       Regeneration      |     6 |     9 |    45 |    24 |    55 |    61 |    18 |    19 |    85 ||   322
       Animate Skeleton  |     1 |     2 |    32 |    41 |    33 |     4 |     1 |       |       ||   114
       Apportation       |       |       |       |     2 |     4 |    18 |    12 |    27 |    35 ||    98
       Animate Dead      |       |       |       |     2 |    11 |    44 |    14 |     2 |    11 ||    84
       Dazzling Spray    |       |       |       |       |     8 |     1 |       |       |       ||     9
       Repel Missiles    |       |       |       |       |     1 |     1 |       |       |       ||     2
       Fulminant Prism   |       |       |       |       |       |     6 |       |     3 |       ||     9
       Statue Form       |       |       |       |       |       |    18 |    45 |    33 |   141 ||   237
       Passage of Golubr |       |       |       |       |       |     1 |       |       |       ||     1
       Summon Forest     |       |       |       |       |       |       |     1 |     5 |    10 ||    16
       Deflect Missiles  |       |       |       |       |       |       |     1 |     1 |     2 ||     4
       Summon Lightning  |       |       |       |       |       |       |       |    11 |    20 ||    31
Invok: Temporal Distorti |       |       |       |     3 |     1 |       |     1 |       |     3 ||     8
       Slouch            |       |       |       |     5 |    28 |    13 |     6 |    12 |    41 ||   105
Evoke: Wand              |       |       |     3 |    13 |    14 |     4 |     4 |     4 |    10 ||    52
       Deck              |       |       |     4 |       |     1 |     1 |       |    16 |       ||    22
       Box of beasts     |       |       |       |       |     8 |       |       |       |     5 ||    13
       Rod               |       |       |       |       |     1 |     5 |     1 |     3 |     6 ||    16
       Fan of gales      |       |       |       |       |       |       |       |       |     2 ||     2
       Phial of floods   |       |       |       |       |       |       |       |       |     2 ||     2
       Sack of spiders   |       |       |       |       |       |       |       |       |    11 ||    11
       Horn of Geryon    |       |       |       |       |       |       |       |       |     1 ||     1
  Use: Potion            |     3 |     2 |     8 |     2 |    10 |     2 |     3 |     1 |     9 ||    40
       Scroll            |       |     1 |     5 |    11 |    18 |    13 |    14 |    16 |    16 ||    94
 Stab: Sleeping          |     2 |     1 |    11 |    10 |    32 |    15 |    23 |     6 |    27 ||   127
       Distracted        |       |       |     3 |     5 |     6 |    23 |     7 |     5 |    24 ||    73
       Invisible         |       |       |       |     4 |     1 |     2 |       |       |     8 ||    15
       Paralysed         |       |       |       |       |       |     1 |       |       |       ||     1
       Confused          |       |       |       |       |       |       |       |       |     2 ||     2
  Eat: Chunk             |     1 |     3 |    11 |     2 |    68 |    11 |    35 |    18 |     8 ||   157
       Meat ration       |       |       |       |     2 |       |     2 |     2 |     2 |     7 ||    15
       Beef jerky        |       |       |       |       |     1 |     1 |       |       |     2 ||     4
       Royal jelly       |       |       |       |       |     2 |     4 |       |       |       ||     6
       Pizza             |       |       |       |       |       |       |     3 |       |     1 ||     4
       Fruit             |       |       |       |       |       |       |       |     3 |     6 ||     9
       Bread ration      |       |       |       |       |       |       |       |       |     1 ||     1
Armor: Skin              |     6 |     4 |     4 |     3 |    25 |    88 |   166 |   162 |   472 ||   930
Dodge: Dodged            |    16 |    10 |   155 |   223 |   681 |   876 |   952 |   715 |  2695 ||  6323
       Deflected         |       |       |       |       |     1 |     2 |     6 |    32 |    23 ||    64
Block: Buckler           |       |       |       |       |   246 |   355 |   384 |   123 |       ||  1108
       Large shield      |       |       |       |       |       |       |       |   830 |  4857 ||  5687
